 Dungeon Sprint DCSS version 0.31-a0-879-g1609e0ac53 (webtiles) character file.

Game seed: 11835252445777173152

4508 sircluck the Grappler (level 10, -3/115 HPs)
             Began as a Troll Berserker on Oct 14, 2023.
             Was a High Priest of Trog.
             Killed from afar by an ice dragon (42 damage)
             ... with a blast of cold
             ... in the Dungeon (Sprint II: "The Violet Keep of Menkaure").
             The game lasted 00:02:58 (551 turns).

sircluck the Grappler (Troll Berserker)              Turns: 551, Time: 00:02:58

Health: -3/115     AC:  4    Str: 30    XL:     10   Next: 16%
Magic:  8/8        EV: 15    Int:  2    God:    Trog [*****.]
Gold:   956        SH:  0    Dex: 13    Spells: 9/9 levels left

rFire   . .          .
                       - Unarmed
rCold   . . .        (no shield)
rNeg    . . .        a - +0 animal skin
rPois   .            (helmet restricted)
rElec   .            (no cloak)
rCorr   .            (gloves unavailable)
SInv    .            (boots unavailable)
Will    .....        (no amulet)
Stlth   +            (no ring)
HPRegen 1.19/turn    (no ring)
MPRegen 0.11/turn

%: no teleportation
@: no status effects
A: large, unfitting armour, claws 3, regeneration 1, shaggy fur 1, tough skin 1,
agile 1, low MP 1
a: Renounce Religion, Berserk, Trog's Hand, Brothers in Arms


You were in the Dungeon.
You worshipped Trog.
Trog was extremely pleased with you.
You visited 1 branch You collected 1053 gold pieces.
You spent 97 gold pieces at shops.

Inventory:

Armour
 a - a +0 animal skin (worn)
Scrolls
 g - a scroll of blinking
Potions
 b - a potion of curing
 d - a potion of haste
 e - 2 potions of magic
 f - a potion of berserk rage


   Skills:
 + Level 12.2 Fighting
 + Level 12.1 Dodging
 + Level 14.2 Unarmed Combat


You had 9 spell levels left.
You didn't know any spells.
Your spell library was empty.

Dungeon Overview and Level Annotations

Branches:
Dungeon (1/1)

Altars:

Shops:
D [:!?*([=![:[([=

Annotations:
D exclusions: oklob plant and orange crystal statue, Kirke


Innate Abilities, Weirdness & Mutations

You are too large for most types of armour.
You have claws for hands.
Your natural rate of healing is unusually fast.
You are covered in fur. (AC +1)
You have tough skin. (AC +1)
You are agile. (Dex +4, Str/Int -1)
Your magical capacity is low. (-10% MP)


Message History

The centaur warrior is almost dead.
The centaur warrior misses you.
The centaur warrior kicks you but does no damage.
You mangle the centaur warrior!!
You kill the centaur warrior!
Trog accepts your kill.
An elephant comes into view.
Your Fighting skill increases to level 12!
Your Unarmed Combat skill increases to level 14!
You have reached level 10!
You claw the elephant!
The elephant is lightly wounded.
The elephant barely misses you. x2
The orange crystal statue glitters topaz in the dim dungeon light.
You mangle the elephant!! You claw the elephant!
The elephant is severely wounded.
The elephant tramples you!
* * * LOW HITPOINT WARNING * * *
You stumble backwards!
You mangle the elephant!!
You kill the elephant!
Trog accepts your kill.
Your Dodging skill increases to level 12!
An ice dragon comes into view.
The ice dragon roars deafeningly!
The ice dragon moves out of view.
You now have 956 gold pieces (gained 81).
There is an open door, spattered with blood here.
Items here: ( )))) [ †.
The ice dragon breathes frost at you. The blast of cold misses you.
You claw the ice dragon! You claw the ice dragon!!
The ice dragon is moderately wounded.
The ice dragon misses you. x2; The ice dragon barely misses you.
Kirke shouts!
You scratch the ice dragon but do no damage.
The ice dragon is moderately wounded.
The ice dragon breathes frost at you. The blast of cold hits you!!!
You die...

*,,,,,,*,,*******,****,,,,,,,,*,
*+******+**,,####+####,,,,,,,,*,
*∩∩∩∩∩∩*,,+,##≈§§≈§≈≈##⌠,,,,*+**
*∩∩∩∩∩∩*,,*##≈≈≈≈§§≈§≈##,,,,*,,*
*********,,+≈≈≈≈§8§≈§§§#*++**,,,
*,,,**,,@*###§≈≈≈≈≈≈§§**~^,,***,
*,,,,*,,...~##~§≈§§§~**,~,,,,,**
############~~#+++#+++##***,,,,*,
###########~~~.D@......#,,+,,,,*,
##.∩.∩....#~~~~.##)##..#,,****,*,
##..∩.∩...#~~~~##...##.####,,+,**
##...∩.∩..#~~~~#..#..#....#,,*,,,
##......⌠.#~~####.#.####..##***,,
##...∩.∩..#~##.###'###.##..#,,+,,
##..∩.∩...#~###.##.###..#..#,,*,,
##.∩.∩....'~'.##'.<.'##.'.†#***,,
##∩.∩.....#~#...##.##.#.#...§#**^


You could see Kirke and an ice dragon (catching breath).

Vanquished Creatures
  A yaktaur captain (D)
  A centaur warrior (D)
  2 boulder beetles (D)
  A skeletal warrior (D)
  An elephant (D)
  A kobold demonologist (D)
  4 neqoxecs (D)
  Menkaure (D)
  A water moccasin (D)
  4 necrophages (D)
  A hell rat (D)
  3 worms (D)
21 creatures vanquished.

Notes
Turn   | Place    | Note
-------+----------+-------------------------------------------
     0 | D        | sircluck the Troll Berserker began the quest for the Orb.
     0 | D        | Reached XP level 1. HP: 22/22 MP: 0/0
     1 | D        | Noticed a necrophage
     1 | D        | Noticed a necrophage
     1 | D        | Noticed a necrophage
     1 | D        | Noticed a necrophage
    11 | D        | Killed a necrophage
    12 | D        | Reached skill level 5 in Unarmed Combat
    12 | D        | Reached XP level 2. HP: 33/33 MP: 1/1
    12 | D        | Reached XP level 3. HP: 40/40 MP: 2/2
    13 | D        | Killed a necrophage
    14 | D        | Reached skill level 5 in Fighting
    14 | D        | Reached skill level 5 in Dodging
    14 | D        | Reached skill level 6 in Unarmed Combat
    14 | D        | Reached XP level 4. HP: 50/50 MP: 3/3
    17 | D        | Killed a necrophage
    17 | D        | Reached ** piety under Trog
    18 | D        | Reached skill level 7 in Unarmed Combat
    18 | D        | Reached XP level 5. HP: 59/59 MP: 4/4
    27 | D        | Noticed an orange crystal statue
    29 | D        | Noticed Menkaure
    34 | D        | Killed Menkaure
    35 | D        | Reached skill level 8 in Unarmed Combat
    35 | D        | Reached XP level 6. HP: 30/71 MP: 5/5
    40 | D        | Found Koidal's Antique Armour Shoppe.
    40 | D        | Found Xoxzaoch's Jewellery Emporium.
    41 | D        | Found Ujaff's Antique Armour Emporium.
    41 | D        | Found Xasyorob's Antique Weapon Emporium.
    42 | D        | Found Anutuad's Jewellery Shoppe.
    42 | D        | Found Acietoop's Distillery.
    42 | D        | Found Suuckaigh's Armour Shoppe.
    42 | D        | Found Mupn's Book Emporium.
    43 | D        | Found Vumumm's Assorted Antiques.
    43 | D        | Found Qesoamab's Antique Weapon Shoppe.
    47 | D        | Found Soaxo's Armour Emporium.
    50 | D        | Noticed a redback
    57 | D        | Reached *** piety under Trog
    81 | D        | Found Ganos's Magic Scroll Shoppe.
    81 | D        | Found Ifrifi's Distillery.
    81 | D        | Noticed a redback
    81 | D        | Noticed an oklob plant
    82 | D        | Found Wuvuecueru's Antique Armour Shoppe.
    82 | D        | Found Firhuqag's Book Shoppe.
    85 | D        | Noticed a wyvern
    85 | D        | Noticed a wyvern
    86 | D        | Noticed a wyvern
    87 | D        | Noticed a flying skull
    87 | D        | Noticed a flying skull
    87 | D        | Noticed a flying skull
    87 | D        | Noticed a flying skull
    89 | D        | Bought a scroll of revelation for 97 gold pieces
   106 | D        | Noticed a flying skull
   138 | D        | Noticed a water moccasin
   140 | D        | Noticed a boulder beetle
   140 | D        | Noticed a boulder beetle
   157 | D        | Killed a water moccasin
   158 | D        | Reached skill level 9 in Unarmed Combat
   280 | D        | Killed a boulder beetle
   281 | D        | Reached skill level 10 in Unarmed Combat
   281 | D        | Reached XP level 7. HP: 49/83 MP: 6/6
   281 | D        | Reached XP level 8. HP: 55/92 MP: 7/7
   339 | D        | Reached **** piety under Trog
   355 | D        | Lost intelligence.
   361 | D        | Gained mutation: Your magical capacity is low. (-10% MP) [a
                  | neqoxec]
   368 | D        | Reached skill level 11 in Unarmed Combat
   368 | D        | Gained mutation: You are agile. (Dex +4, Str/Int -1) [a
                  | neqoxec]
   393 | D        | Killed a boulder beetle
   393 | D        | Reached ***** piety under Trog
   394 | D        | Reached skill level 10 in Fighting
   394 | D        | Reached skill level 10 in Dodging
   394 | D        | Reached skill level 12 in Unarmed Combat
   394 | D        | Reached XP level 9. HP: 98/102 MP: 7/7
   509 | D        | Noticed Kirke
   509 | D        | Noticed a skeletal warrior
   509 | D        | Noticed a kobold demonologist
   509 | D        | Noticed a centaur warrior
   521 | D        | Killed a kobold demonologist
   522 | D        | Noticed a yaktaur captain
   528 | D        | Killed a skeletal warrior
   529 | D        | Reached skill level 13 in Unarmed Combat
   531 | D        | Killed a yaktaur captain
   540 | D        | Killed a centaur warrior
   540 | D        | Noticed an elephant
   541 | D        | Reached skill level 14 in Unarmed Combat
   541 | D        | Reached XP level 10. HP: 39/115 MP: 8/8
   543 | D        | Killed an elephant
   545 | D        | Noticed an ice dragon
   551 | D        | Killed from afar by an ice dragon

Illustrated notes

Levels and vault maps discovered:
D:        the_violet_keep_of_menkaure [sprint2_stairs_cluster_1,
          sprint2_shoproom, sprint2_temple, sprint2_basic_supplies,
          sprint2_obstacle_5, sprint2_obstacle_7, sprint2_obstacle_4,
          sprint2_obstacle_1, sprint2_obstacle_3, sprint2_timed_cluster_1,
          sprint2_smallroom_cluster_1, sprint2_smallroom_final_cluster_1,
          sprint2_transparent_cluster_1, sprint2_second_timed_cluster_1,
          sprint2_sniper_area_1, sprint2_heavy_combat_area_1,
          sprint2_mutation_trap_area_1, sprint2_forest_area_1,
          sprint2_light_combat_area_1, sprint2_behind_water_1,
          sprint2_near_end_vault_1]

Skill      XL: |  1  2  3  4  5  6  7  8  9 10 |
---------------+-------------------------------+-----
Fighting       | 4 5 7 9 10 12 | 12.2
Dodging        | 4 5 7 9 10 11 12 | 12.1
Unarmed Combat | 5 6 7 8 10 12 14 | 14.2

Action                     |  1- 3 |  4- 6 |  7- 9 | 10-12 || total
---------------------------+-------+-------+-------+-------++-------
  Melee: Unarmed           |    11 |    46 |    37 |     5 ||    99
         Punch             |       |     2 |     3 |     2 ||     7
 Invoke: Berserk           |     1 |     2 |     1 |       ||     4
         Trog's Hand       |       |     1 |       |       ||     1
         Brothers in Arms  |       |       |     1 |       ||     1
    Use: Scroll            |       |     1 |       |       ||     1
         Potion            |       |       |     1 |       ||     1
 Armour: Animal skin       |     3 |    25 |    19 |     2 ||    49
  Dodge: Dodged            |     2 |    16 |    13 |     6 ||    37

Table legend: (Time is in decaauts)
 A = Elapsed time spent in this place.
 B = Non-inter-level travel time spent in this place.
 C = Inter-level travel time spent in this place.
 D = Time resting spent in this place.
 E = Time spent auto-exploring this place.
 F = Levels seen in this place.
 G = Mean time per level.
                   A        B        C        D        E       F      G
               +--------+--------+--------+--------+--------+-----+--------+
         Total |    586 |    586 |      0 |    288 |     59 |   1 |  586.0 |
       Dungeon |    586 |    586 |      0 |    288 |     59 |   1 |  586.0 |
               +--------+--------+--------+--------+--------+-----+--------+

Top non-repeatable levels by time:
       D: 586 daAuts
